[Event "Early-Titled-Tuesday-Blitz-February-27-2024"]
[Site "Chess.com"]
[Date "2024.02.27"]
[Round "5"]
[White "Binary010"]
[Black "Jumbo"]
[Result "0-1"]
[WhiteElo "2854"]
[BlackElo "2881"]
[TimeControl "180+1"]
[EndTime "8:55:14 PST"]
[Termination "Jumbo won on time"]

1. e4 e6 2. d4 d5 3. Nc3 Nf6 4. Bg5 dxe4 5. Nxe4 Be7 6. Bxf6 Bxf6 7. Nf3 Nd7 8. Bc4 O-O 9. Qe2 c5 10. O-O-O cxd4 11. Nxd4 Qb6 12. Nxf6+ Nxf6 13. Kb1 Rd8 14. Nf3 Bd7 15. Ne5 Bc6 16. Nxf7 Kxf7 17. Qxe6+ Kg6 18.
Bd3+ Rxd3 19. Rxd3 h6 20. Re3 Qc7 21. Rhe1 Rf8 22. a3 Kh7 23. Qb3 Rf7 24. f3 Rd7 25.
Qe6 Qd8 26. Qf5+ Kg8 27. Qe6+ Kf8 28. Qf5 Bd5 29. Rd3 Bf7 30. Rxd7 Qxd7 31. Qc5+ Kg8 32. Qc3 Bg6 33. b3 Kh7 34. Kb2 Qd6 35. g3 a6 36.
f4 Bf5 37. Re2 Qd7 38. Rd2 Qb5 39. Qd4 Qc6 40. a4 Ne4 41. Re2 Nf6 42. Rd2 Qf3 43.
Qc3 Qxc3+ 44. Kxc3 Ne4+ 45. Kd3 Nxd2+ 46. Kxd2 h5 47. c4 Kg6 48. b4 Kf6 49. Ke3 Ke6 50.
Kd4 Bh3 51. c5 Bg2 52. b5 a5 53. Ke3 g6 54. Kd4 Bf3 55. Kc4 Bd1 56. c6 b6 57.
Kd4 Kd6 0-1

[Event "Early-Titled-Tuesday-Blitz-February-27-2024"]
[Site "Chess.com"]
[Date "2024.02.27"]
[Round "5"]
[White "IlanSchnaider"]
[Black "Rud_Makarian"]
[Result "0-1"]
[WhiteElo "2744"]
[BlackElo "3102"]
[TimeControl "180+1"]
[EndTime "8:55:14 PST"]
[Termination "Rud_Makarian won on time"]

1. e4 c5 2. Nf3 d6 3. Bb5+ Nd7 4. a4 a6 5. Bc4 Ngf6 6. Nc3 e6 7.
O-O Be7 8. Re1 Qc7 9. Ba2 O-O 10. d4 cxd4 11. Qxd4 b6 12. Bg5 Bb7 13. Rad1 Rac8 14.
Bh4 Ne5 15. Nxe5 dxe5 16. Qd3 h6 17. Qh3 Kh7 18. Rd3 Rcd8 19. Rf3 Ng8 20. Bg3 Bg5 21. Rd3 Rxd3 22. cxd3 Qd6 23. Bc4 Nf6 24. Bh4 Bxh4 25.
Qxh4 Qb4 26. Re2 Ra8 27. h3 Bc6 28. Qg3 b5 29. Ba2 Qd4 30. Rc2 bxa4 31. Ne2 Qd6 32. Nc1 Bb5 33. Qe3 Rd8 34. Bc4 Nd7 35. Bxb5 axb5 36.
Qa7 Qb6 37. Qxb6 Nxb6 38. Rc6 Rc8 39. Rxb6 Rxc1+ 40. Kh2 Rc5 41. Rb7 Kg6 42. Kg3 Kf6 43. Kf3 h5 44. Ke3 h4 45. f4 exf4+ 46. Kxf4 g5+ 47. Ke3 Rc2 48. Rxb5 Rxg2 49. Rb4 Rg3+ 50. Kd4 Rxh3 51. Rxa4 Rh2 52. b4 g4 53. Ke3 h3 54. Kf4 Rg2 55. e5+ Kg6 56. Ra1 h2 57. Rh1 g3 0-1

[Event "Early-Titled-Tuesday-Blitz-February-27-2024"]
[Site "Chess.com"]
[Date "2024.02.27"]
[Round "5"]
[White "Onischuk_V"]
[Black "Winner_7777"]
[Result "1-0"]
[WhiteElo "2790"]
[BlackElo "2549"]
[TimeControl "180+1"]
[EndTime "8:55:14 PST"]
[Termination "Onischuk_V won by resignation"]

1. e4 c5 2. Nf3 d6 3. d4 cxd4 4. Nxd4 Nf6 5. Nc3 a6 6. a4 e5 7. Nf3 Qc7 8. Bg5 Nbd7 9. Nd2 h6 10. Bh4 b6 11. Bc4 Bb7 12. Qe2 Be7 13. O-O O-O 14.
Bxf6 Nxf6 15. Rfd1 Qc5 16. Bb3 Rac8 17. Nf1 Qb4 18. Ne3 Rxc3 19. bxc3 Qxe4 20. Bc4 a5 21. Bd3 Qc6 22. Bb5 Qxc3 23. Nf5 Bd8 24. Nxd6 Bd5 25.
Qe3 Qxc2 26. Rac1 Qg6 27. Qg3 Be7 28. Qxg6 fxg6 29. Nc4 Bc5 30. Nxe5 Be4 31. Rf1 h5 32. Kh1 Ng4 33. Nxg4 hxg4 34. Rce1 Bd5 35. Kg1 Rf5 36. Re2 Bd4 37. Rd2 Bc3 38. Rxd5 Rxd5 39. Bc4 Kf8 40. Bxd5 Ke7 41. Rd1 Bb4 42. g3 Kf6 43. Bc4 Ke5 44. Bb5 Bc5 45. Kg2 Ke4 46. Rd7 Bd4 47. Rb7 Kd5 48. Re7 Kc5 49. Rd7 Bf6 50. Rf7 Kd6 51. h3 gxh3+ 52. Kxh3 Ke6 53. Rb7 Bd4 54. f4 Kf6 55.
Kg4 Bc5 56. Bc4 1-0

[Event "Early-Titled-Tuesday-Blitz-February-27-2024"]
[Site "Chess.com"]
[Date "2024.02.27"]
[Round "5"]
[White "Salem-AR"]
[Black "Janosik"]
[Result "0-1"]
[WhiteElo "3025"]
[BlackElo "2866"]
[TimeControl "180+1"]
[EndTime "8:55:16 PST"]
[Termination "Janosik won on time"]

1. d4 d5 2. Nf3 Nf6 3. Bf4 e6 4. e3 Bd6 5. Nbd2 O-O 6. Bd3 c5 7. c3 Qc7 8. Bxd6 Qxd6 9. Ne5 b6 10. Qe2 a5 11. O-O Ba6 12. Bxa6 Rxa6 13. Rad1 Ra7 14. f4 Nc6 15. g4 Nd7 16. g5 f6 17. gxf6 gxf6 18. Nxc6 Qxc6 19. Kh1 f5 20. Rg1+ Kh8 21. Nf3 Nf6 22. Ne5 Qe8 23. Rg2 Rg8 24. Rdg1 Rag7 25.
Rxg7 Rxg7 26. Rxg7 Kxg7 27. Qg2+ Kh8 28. Kg1 Ne4 29.
h3 Qh5 30. Kh2 Qe8 31. dxc5 bxc5 32. c4 a4 33. b3 a3 34. Qg1 Qh5 35. Qg2 h6 36. Ng6+ Kg7 37. Ne5+ Kh7 38. Nd7 Qf7 39. Ne5 Qg7 40. cxd5 Qxg2+ 41. Kxg2 exd5 42. Nd3 c4 43. bxc4 dxc4 44. Nb4 Kg6 45. Kf3 Kf6 46. Nc2 Ke6 47.
Nxa3 Kd5 48. Nc2 c3 49. a4 Kc4 50. Nd4 Nc5 51. Ke2 Nxa4 52. Nxf5 Kb3 0-1

[Event "Early-Titled-Tuesday-Blitz-February-27-2024"]
[Site "Chess.com"]
[Date "2024.02.27"]
[Round "5"]
[White "GMKrikor"]
[Black "PepeCuenca"]
[Result "1/2-1/2"]
[WhiteElo "2929"]
[BlackElo "2715"]
[TimeControl "180+1"]
[EndTime "8:55:20 PST"]
[Termination "Game drawn by repetition"]

1. Nf3 Nf6 2. c4 g6 3. Nc3 Bg7 4. e4 d6 5. d4 O-O 6. h3 e5 7.
dxe5 dxe5 8. Qxd8 Rxd8 9. Bg5 Re8 10. Nd5 Nxd5 11. cxd5 c6 12. Bc4 h6 13. Be3 cxd5 14. Bxd5 Nd7 15. Nd2 Nf6 16. Bb3 Be6 17. Ke2 Bxb3 18.
axb3 a6 19. Rhc1 Rac8 20. Rc4 Bf8 21. Rac1 Rxc4 22. bxc4 Bb4 23. f3 h5 24. Nb3 Rc8 25. c5 Nd7 26. Kd3 Nb8 27. Kc4 Nc6 28. Rd1 Rc7 29.
Rd6 Be1 30. Rd1 Bh4 31. Nc1 Be7 32. b4 Kf8 33. Nb3 Ke8 34. Rd5 f6 35. b5 axb5+ 36. Kxb5 Bd8 37. Rd6 Be7 38. Rd1 Rd7 39. Rd5 Bd8 40.
Nd2 Ne7 41. Rxd7 Kxd7 42. Nc4 Bc7 43. g4 h4 44. Bf2 g5 45. Be3 Nc6 46. Nd2 Ke6 47.
Nb3 Kd7 48. Nd2 Ke6 49. Nf1 Ba5 50. Bf2 Kd7 51. Kc4 Ke6 52. Kd3 Kd7 53. Be3 Ke6 54. Bg1 Bb4 55. Be3 Kd7 56. Kc4 Ba5 57. Bd2 Bxd2 58. Nxd2 Ke6 59. Nb3 Kd7 60. Kd5 Ne7+ 61. Kc4 Nc6 62. Kb5 Kc7 63. Kc4 Kd7 1/2-1/2

[Event "Early-Titled-Tuesday-Blitz-February-27-2024"]
[Site "Chess.com"]
[Date "2024.02.27"]
[Round "5"]
[White "Zohid6"]
[Black "Kildepiotr"]
[Result "1-0"]
[WhiteElo "2863"]
[BlackElo "2669"]
[TimeControl "180+1"]
[EndTime "8:55:20 PST"]
[Termination "Zohid6 won by resignation"]

1. e4 g6 2. d4 Bg7 3. Nc3 c6 4.
f4 d5 5. e5 Nh6 6. Nf3 Bg4 7.
Be3 Nf5 8. Bf2 h5 9. h3 Bxf3 10.
Qxf3 h4 11. Bd3 e6 12. Ne2 Bf8 13. O-O Nd7 14. Rac1 b5 15. b3 Ba3 16. Rcd1 Nb6 17. c4 bxc4 18. bxc4 Be7 19. c5 Nd7 20. Rb1 Qc7 21.
Rb3 O-O 22. Rfb1 Rfb8 23. g4 hxg3 24. Nxg3 Nxg3 25. Qxg3 Rxb3 26. Rxb3 Rb8 27. Bxg6 Rxb3 28. axb3 fxg6 29. Qxg6+ Kf8 30. Qxe6 Ke8 31. f5 Nf8 32. Qh6 Bd8 33. e6 Qh7 34. Qxh7 Nxh7 35. Kg2 Nf6 36. Kf3 Ne4 37. Be3 Bf6 38. Kg4 Be7 39. Kh5 Bf6 40. Kg6 Ke7 41. b4 a6 42. Bg1 Ng5 43. Bh2 Ne4 44. Bd6+ Ke8 45. Be5 Bxe5 46. dxe5 d4 47.
f6 d3 48. f7+ Kf8 49. e7+ Kxe7 50. Kg7 d2 51. f8=Q+ Ke6 52. Qe8+ Kd5 53. e6 Kc4 54. Qd7 Kc3 55. e7 Nf2 56. e8=Q Nd3 57. Qe2 1-0

[Event "Early-Titled-Tuesday-Blitz-February-27-2024"]
[Site "Chess.com"]
[Date "2024.02.27"]
[Round "5"]
[White "SaiAgni_98"]
[Black "LiamPutnam2008"]
[Result "0-1"]
[WhiteElo "2565"]
[BlackElo "2800"]
[TimeControl "180+1"]
[EndTime "8:55:20 PST"]
[Termination "LiamPutnam2008 won on time"]

1. e4 c5 2. Nf3 d6 3. Bb5+ Nc6 4. O-O Bd7 5. Re1 a6 6. Bf1 Nf6 7. c3 Bg4 8. h3 Bh5 9. d3 e6 10. Bf4 Be7 11. Nbd2 O-O 12. g4 Bg6 13. d4 cxd4 14. cxd4 d5 15. exd5 Nxd5 16. Bg3 Ndb4 17. Ne4 Qd5 18.
Nc3 Qd7 19. Rc1 Rfd8 20. a3 Nd5 21. Ne5 Nxc3 22. Rxc3 Nxe5 23. Bxe5 Rac8 24. Bg2 b5 25. Qf3 Bd6 26. Qb7 Rxc3 27. bxc3 Bxe5 28. Qxd7 Rxd7 29. Rxe5 Kf8 30. Rc5 Bd3 31. f4 Ke7 32. Kf2 Kd8 33.
Ke3 Bc4 34. Be4 h6 35. h4 Rc7 36. g5 hxg5 37. hxg5 Rxc5 38. dxc5 Kc7 39. Kd4 f6 40.
gxf6 gxf6 41. Bf3 Bb3 42. Bg2 Ba2 43. Bh3 Bd5 44. Bg4 Kc6 45. Be2 a5 46. c4 bxc4 47. Bxc4 e5+ 48. fxe5 fxe5+ 49. Kc3 Kxc5 50. Be2 Bc6 51.
Bf1 Bb7 52. Be2 Be4 53. Bf1 Bf3 54. Bd3 e4 55. Bxe4 Bxe4 56. a4 Bd5 57. Kb2 Kb4 0-1

[Event "Early-Titled-Tuesday-Blitz-February-27-2024"]
[Site "Chess.com"]
[Date "2024.02.27"]
[Round "5"]
[White "Herman-NY"]
[Black "sokidze"]
[Result "1-0"]
[WhiteElo "2533"]
[BlackElo "2759"]
[TimeControl "180+1"]
[EndTime "8:55:20 PST"]
[Termination "Herman-NY won by resignation"]

1. e4 c6 2. d4 d5 3. e5 Bf5 4.
h4 h5 5. c4 e6 6. Nc3 dxc4 7.
Bxc4 Nd7 8. Nge2 Be7 9. Ng3 Bg6 10. Nce4 Nh6 11. Bg5 Bxe4 12. Nxe4 Nf5 13. Qd2 Nb6 14. Bb3 Qxd4 15. Qxd4 Nxd4 16. Bxe7 Kxe7 17. O-O-O Nxb3+ 18. axb3 Rad8 19. Nd6 Rd7 20. f4 g6 21. Rh3 Nd5 22. Rf3 Rhd8 23. g3 Kf8 24. Rg1 Ne7 25. g4 hxg4 26. Rxg4 Nf5 27. Nxf5 Rd1+ 28. Kc2 R8d2+ 29.
Kc3 exf5 30. Rg5 Rh2 31. e6 Rxh4 32. exf7 Kxf7 33. Rfg3 Rd6 34. Re3 Rxf4 35. Rg1 Re6 36. Rh3 Rg4 37. Rd1 Re7 38. Rh7+ Kf6 39. Rd7 Ke5 40.
Rhxe7+ Kf6 41. Rxb7 Rg1 42. Rxa7 f4 43. Rec7 g5 44.
Rxc6+ Kf5 45. Rg7 f3 46. Rc8 g4 47. Rf8+ Ke4 48. b4 Ke3 49. b5 g3 50. b6 Rc1+ 51.
Kb3 Rc6 52. Re8+ Kf2 53. b7 Rb6+ 54. Kc2 g2 55. Reg8 Kf1 56. b8=Q Rxb8 57. Rxb8 f2 58. Rf8 g1=Q 59. Rxg1+ Kxg1 60. Rxf2 Kxf2 61. b4 Ke3 62. b5 Kd4 63. b6 1-0

[Event "Early-Titled-Tuesday-Blitz-February-27-2024"]
[Site "Chess.com"]
[Date "2024.02.27"]
[Round "5"]
[White "BardArtem"]
[Black "Barmen_EV"]
[Result "1-0"]
[WhiteElo "2758"]
[BlackElo "2516"]
[TimeControl "180+1"]
[EndTime "8:55:20 PST"]
[Termination "BardArtem won by checkmate"]

1. e4 c5 2. c3 Nf6 3. e5 Nd5 4.
Nf3 Nc6 5. d4 cxd4 6. cxd4 d6 7.
Bc4 dxe5 8. dxe5 Be6 9. O-O g6 10. Ng5 Bg7 11. Nxe6 fxe6 12. Bxd5 Qxd5 13. Qxd5 exd5 14.
f4 O-O 15. Nc3 Rfd8 16. g3 a6 17. Bd2 e6 18. Na4 Nd4 19. Kf2 b5 20. Nc5 Bf8 21.
Nd3 Rdc8 22. Rac1 Be7 23. Be3 Nf5 24. Bc5 Bxc5+ 25. Nxc5 Kf7 26. g4 Ne7 27. Nb7 Rxc1 28. Rxc1 Ke8 29. Rc7 b4 30. Ke3 a5 31. Kd4 Kf8 32. Nc5 Kf7 33. b3 Rc8 34. Rb7 h6 35.
Ra7 g5 36. Nd3 gxf4 37. Nxf4 Ke8 38. Ra6 Nc6+ 39. Ke3 Kf7 40. Nd3 Kg6 41. h4 h5 42.
Nf4+ Kf7 43. gxh5 Nxe5 44. Ra7+ Kf6 45. Ra6 Ng4+ 46. Kf3 Ne5+ 47. Ke2 Kf5 48. Nxe6 Rc2+ 49. Ke3 Rc3+ 50. Kd2 Ke4 51. Ng5+ Kd4 52. h6 Rd3+ 53.
Ke2 Re3+ 54. Kf2 Ng4+ 55. Kg2 Re8 56. h7 Kc3 57. Kg3 Nf6 58. Rxf6 d4 59. Nf7 d3 60. h8=Q Rxh8 61. Nxh8 d2 62. Rd6 Kc2 63. h5 d1=Q 64. Rxd1 Kxd1 65. h6 Kc2 66. h7 Kb2 67. Nf7 Kxa2 68.
h8=Q a4 69. Ne5 axb3 70. Nc4 b2 71. Qxb2# 1-0

[Event "Early-Titled-Tuesday-Blitz-February-27-2024"]
[Site "Chess.com"]
[Date "2024.02.27"]
[Round "5"]
[White "Ishowmoves57"]
[Black "Alimpic"]
[Result "1-0"]
[WhiteElo "2163"]
[BlackElo "2485"]
[TimeControl "180+1"]
[EndTime "8:55:20 PST"]
[Termination "Ishowmoves57 won by checkmate"]

1. e4 c5 2. b3 g6 3. Bb2 Nf6 4. e5 Nd5 5. e6 f6 6. exd7+ Bxd7 7. Nc3 Bc6 8. Nf3 Bg7 9. Nxd5 Bxd5 10. Bb5+ Nc6 11.
c4 Bf7 12. Bxc6+ bxc6 13. Ng5 Qd3 14. Nxf7 Kxf7 15. Qe2 Rhd8 16. Rd1 e5 17. Qxd3 Rxd3 18. Ke2 Rd7 19. d3 a5 20. Ra1 a4 21. Bc3 Bf8 22. Rhd1 Ke6 23. Kd2 h5 24. Kc2 Rda7 25.
Rdb1 axb3+ 26. axb3 h4 27. h3 g5 28. Rxa7 Rxa7 29. Ra1 Rxa1 30. Bxa1 Kf5 31. Kd2 g4 32. Ke2 Bh6 33. Bc3 Bc1 34. Ba5 Bb2 35. b4 cxb4 36.
Bxb4 Bd4 37. Bd2 gxh3 38. gxh3 Kg6 39. Kf3 f5 40. Be3 Bc3 41. Bc5 Kf6 42. Bb6 Kg5 43. Bd8+ Kh5 44. Be7 Bd4 45. Kg2 e4 46. dxe4 fxe4 47.
Kf1 Bc3 48. Ke2 Bd4 49. Bd8 c5 50. Be7 Kg6 51. Bxh4 Kf5 52. Bg3 Kg5 53. f3 Kf5 54. h4 exf3+ 55. Kxf3 Bf6 56. Bf2 Be7 57. Ke3 Kg4 58. Kd3 Bd6 59. Be1 Kf3 60. h5 Bf4 61. Bd2 Be5 62. h6 Kg4 63. h7 Kf5 64.
Bc3 Bxc3 65. Kxc3 Kg6 66. h8=Q Kf5 67. Qc8+ Ke4 68. Qxc5 Kf3 69. Qd5+ Ke2 70. c5 Kf2 71. c6 Kf1 72. c7 Kf2 73. c8=Q Ke2 74. Qe8+ Kf2 75.
Qdf7+ Kg3 76. Qeg8+ Kh4 77. Qfh7# 1-0

[Event "Early-Titled-Tuesday-Blitz-February-27-2024"]
[Site "Chess.com"]
[Date "2024.02.27"]
[Round "5"]
[White "Elsa167"]
[Black "GodzillaChessYoutube"]
[Result "1-0"]
[WhiteElo "2886"]
[BlackElo "2673"]
[TimeControl "180+1"]
[EndTime "8:55:21 PST"]
[Termination "Elsa167 won on time"]

1. d4 Nf6 2. c4 e6 3. Nf3 d5 4. Nc3 Nc6 5. cxd5 exd5 6. Bg5 Be7 7. e3 a6 8. Bd3 Be6 9. a3 h6 10. Bh4 Nd7 11. Bg3 Nb6 12. Qc2 Bd6 13. Rc1 Bxg3 14. hxg3 Qe7 15. Ne2 Bg4 16. Bf5 Bxf5 17. Qxf5 Qd7 18. Qc2 O-O-O 19. Nf4 Kb8 20. Nd3 Qd6 21. Nc5 Ne7 22. Ne5 Rhf8 23. Qb3 f6 24. Ned3 Ka7 25. a4 Rb8 26. Qc3 Rfe8 27. b3 Nf5 28.
Kd2 Qe7 29. Rhe1 Nd6 30. Qa5 Ra8 31. Kc2 Ne4 32. Kb2 c6 33. Nb4 Nxc5 34. Rxc5 Rac8 35.
Rec1 Na8 36. Rxc6 Rxc6 37. Rxc6 Qd7 38. Qc5+ Kb8 39. Rd6 Qc7 40. Nxd5 Qxc5 41. dxc5 Rc8 42. b4 Re8 43. a5 Nc7 44. Nxc7 Kxc7 45. Kc3 Re4 46.
Rd4 Re5 47. Kc4 g5 48. g4 Re6 49. Kd5 Re5+ 50. Kc4 Re6 51. e4 Kc6 52. f3 Kc7 53. b5 axb5+ 54. Kxb5 Kc8 55. Rd6 Rxd6 56. cxd6 Kd7 57.
Kb6 Kxd6 58. Kxb7 1-0

[Event "Early-Titled-Tuesday-Blitz-February-27-2024"]
[Site "Chess.com"]
[Date "2024.02.27"]
[Round "5"]
[White "Nikolakis2014"]
[Black "Felix-Rose"]
[Result "1-0"]
[WhiteElo "2758"]
[BlackElo "2270"]
[TimeControl "180+1"]
[EndTime "8:55:21 PST"]
[Termination "Nikolakis2014 won by resignation"]

1. d4 d5 2. c4 e6 3. Nf3 Nf6 4. Nc3 Be7 5. Bg5 Nbd7 6. e3 h6 7. Bh4 O-O 8. Qc2 c5 9. dxc5 Nxc5 10. O-O-O Qa5 11. Kb1 Rd8 12. cxd5 exd5 13. Nd4 a6 14. Nf5 Bxf5 15. Qxf5 Qb6 16. Bd3 Nxd3 17. Rxd3 d4 18. exd4 Rxd4 19. Rxd4 Qxd4 20. Bg3 Qc5 21.
Qxc5 Bxc5 22. Rd1 Re8 23. f3 b5 24. Bh4 g5 25. Bg3 b4 26. Na4 Bf8 27. Rd2 a5 28.
Nb6 Nh5 29. Bf2 Nf4 30. Nd7 Bg7 31. g3 Nh3 32. Bc5 Re1+ 33. Kc2 Re6 34. Kb3 Kh7 35. Ka4 Ra6 36. Kb5 Ra8 37. Nb6 Ra7 38. b3 a4 39. bxa4 b3 40. axb3 g4 41. fxg4 Ng5 42.
Re2 Ne6 43. b4 Rb7 44. a5 Rc7 45. a6 Rxc5+ 46. bxc5 Nd4+ 47. Kc4 Nxe2 48. a7 Nxg3 49. hxg3 Be5 50. a8=Q Bxg3 51. Qe4+ f5 52. Qxf5+ Kh8 53. Nd7 Bd6 54. cxd6 Kg8 55. Qg6+ Kh8 56. Qxh6+ Kg8 57. Nf6+ Kf7 58. Nd5 Ke8 59. Qe6+ Kf8 60. Qe7+ Kg8 61. Nf6+ 1-0

[Event "Early-Titled-Tuesday-Blitz-February-27-2024"]
[Site "Chess.com"]
[Date "2024.02.27"]
[Round "5"]
[White "FontVella8"]
[Black "AryanTari"]
[Result "0-1"]
[WhiteElo "2707"]
[BlackElo "2938"]
[TimeControl "180+1"]
[EndTime "8:55:23 PST"]
[Termination "AryanTari won on time"]

1. Nf3 d5 2. b3 Bg4 3. Bb2 Bxf3 4. exf3 e6 5. g3 Nf6 6. Bg2 Nbd7 7. O-O g6 8. d3 Bg7 9. Nd2 O-O 10. f4 a5 11. a3 c6 12. Re1 Qc7 13. Nf3 c5 14. Ne5 d4 15. a4 Rad8 16. Qe2 Nd5 17. h4 Nxe5 18. fxe5 h5 19. Qe4 Nb4 20. Re2 b6 21. Bc1 Nd5 22. Bd2 Nc3 23. Bxc3 dxc3 24. Rae1 Rd4 25. Qc6 Qb8 26. f4 Rfd8 27. Qb7 Qxb7 28.
Bxb7 Bf8 29. Kg2 Rb4 30. Ba6 Rbd4 31. Bc4 Kg7 32. Kf3 Be7 33. Re4 R4d7 34. Bb5 Rc7 35.
Rc4 Rcc8 36. Rxc3 Rd4 37. Rc4 Rcd8 38. Rxd4 cxd4 39. Re4 Bb4 40. Bc4 Kf8 41. Re2 Ke7 42.
g4 hxg4+ 43. Kxg4 Rh8 44. Rh2 Rh5 45. Ba6 Be1 46. Bb7 Bc3 47. Bf3 Be1 48. Be2 Kd7 49.
Rh1 Bd2 50. Kf3 Rf5 51. h5 Bxf4 52. Kg4 Bxe5 53. h6 Ke7 54. h7 Bh8 55. Bf3 e5 56.
Be4 Rf4+ 57. Kg3 f5 58. Bd5 Kf6 59. Re1 Kg5 60. Kg2 Rg4+ 61. Kf3 Rh4 62. Bg8 Rh3+ 63. Kg2 Kg4 64. Bf7 Rxh7 65. Bxg6 Rc7 66. Be8 Rxc2+ 67.
Kh1 e4 68. dxe4 d3 69. Bd7 d2 70. Rg1+ Kf4 71. Bxf5 Rc1 0-1

[Event "Early-Titled-Tuesday-Blitz-February-27-2024"]
[Site "Chess.com"]
[Date "2024.02.27"]
[Round "5"]
[White "Chessmissile07"]
[Black "wqws"]
[Result "0-1"]
[WhiteElo "2883"]
[BlackElo "2694"]
[TimeControl "180+1"]
[EndTime "8:55:23 PST"]
[Termination "wqws won by checkmate"]

1. a3 e5 2. e4 Nc6 3. Nf3 Nf6 4. Nc3 a5 5. Bb5 Bd6 6. O-O O-O 7. d3 Ne7 8. Bc4 Ng6 9. Bg5 c6 10. Nh4 Nxh4 11.
Bxh4 Be7 12. Bg3 d6 13. d4 Nxe4 14. Nxe4 d5 15. Bb3 dxe4 16. Bxe5 a4 17. Bc4 Bf6 18. f4 exf3 19. Bxf6 Qxf6 20. Rxf3 Qd6 21. Qd3 Be6 22.
Re1 Rae8 23. Rfe3 Bxc4 24. Qxc4 Rd8 25. Qxa4 Qxd4 26. Qxd4 Rxd4 27. Re7 Rd2 28. Rxb7 Rxc2 29. h3 h5 30. Ree7 h4 31. a4 Rd8 32. Rxf7 Rd1+ 33.
Rf1 Rdd2 34. Rff7 Rxg2+ 35. Kf1 Rxb2 36. Rxg7+ Rxg7 37. Rxb2 Ra7 38. Ra2 Ra5 39. Ke2 Kf7 40.
Kd3 Ke6 41. Kc4 Kd6 42. Kb4 Rf5 43. a5 Kc7 44. a6 Kb8 45. Ra3 Ka7 46. Kc4 Rg5 47.
Kd4 Rg3 48. Rxg3 hxg3 49. Ke3 c5 50. h4 c4 51. h5 c3 52. h6 g2 53. Kf2 g1=Q+ 54.
Kxg1 c2 55. h7 c1=Q+ 56. Kg2 Qh6 57. Kg3 Qxh7 58. Kg4 Qd3 59. Kg5 Qxa6 60. Kf4 Qe2 61. Kf5 Kb6 62. Kf4 Kc5 63. Kf5 Kd5 64. Kf4 Ke6 65. Kg3 Kf5 66. Kh4 Qg4# 0-1

[Event "Early-Titled-Tuesday-Blitz-February-27-2024"]
[Site "Chess.com"]
[Date "2024.02.27"]
[Round "5"]
[White "NikitaShnadrygin"]
[Black "Brahianzevich"]
[Result "1/2-1/2"]
[WhiteElo "2629"]
[BlackElo "2488"]
[TimeControl "180+1"]
[EndTime "8:55:23 PST"]
[Termination "Game drawn by repetition"]

1. e4 c5 2. Nf3 d6 3. d4 cxd4 4. Nxd4 Nf6 5. Nc3 a6 6. f3 e5 7. Nb3 Be6 8. Be3 Be7 9. Qd2 O-O 10. O-O-O Nbd7 11. g4 b5 12. g5 b4 13. Ne2 Ne8 14.
Kb1 a5 15. f4 a4 16. Nbc1 b3 17. f5 Bc4 18. Nc3 bxc2+ 19. Qxc2 Bxf1 20. Rdxf1 Bxg5 21. Bxg5 Qxg5 22. Rhg1 Qh4 23. Qe2 a3 24. Rg4 Qh5 25. Rfg1 Kh8 26. Qf2 axb2 27. Rh4 bxc1=Q+ 28. Kxc1 Qxh4 29. Qxh4 Rc8 30. Kd2 Ndf6 31. Rc1 Rc4 32. Qe1 Nc7 33.
Qe2 Rd4+ 34. Ke1 Rb8 35. Rd1 Rbb4 36. a3 Rxd1+ 37. Qxd1 Rd4 38. Qb3 Kg8 39. Qb8+ Nce8 40.
a4 Kf8 41. a5 Rd3 42. Nb5 Rb3 43. a6 Nd7 44. Qb7 Nc5 45. Qc6 Nxa6 46. Qxa6 Re3+ 47. Kd2 Rxe4 48. Kd3 Rf4 49. Ke3 Rxf5 50. Nxd6 Rf6 51. Qa8 Rxd6 52. Qa3 Ke7 53. Qc5 Ke6 54. h4 Nf6 55.
Qc4+ Nd5+ 56. Ke2 f5 57. Qc8+ Rd7 58. Qg8+ Kd6 59. Qxh7 f4 60. Kf3 Kc5 61. Qc2+ Kd6 62. Qg6+ Nf6 63. h5 Ke6 64. h6 gxh6 65. Qxh6 Kf5 66.
Qh3+ Kg5 67. Qg2+ Kh6 68. Qh3+ Kg5 69. Qg2+ Kh4 70. Qh2+ Kg5 71. Qg2+ 1/2-1/2

[Event "Early-Titled-Tuesday-Blitz-February-27-2024"]
[Site "Chess.com"]
[Date "2024.02.27"]
[Round "5"]
[White "Schachmalanders"]
[Black "DefiantChair"]
[Result "1-0"]
[WhiteElo "2478"]
[BlackElo "2600"]
[TimeControl "180+1"]
[EndTime "8:55:23 PST"]
[Termination "Schachmalanders won by resignation"]

1. e4 e5 2. Nf3 Nc6 3. d4 exd4 4. Nxd4 Nf6 5. Nc3 Bb4 6. Nxc6 bxc6 7. Bd3 d5 8. exd5 cxd5 9. O-O O-O 10. h3 c6 11. Qf3 Rb8 12. Bf4 Bd6 13. b3 Qc7 14.
Ne2 c5 15. Bxd6 Qxd6 16. Rad1 Bb7 17. Qg3 Qxg3 18. Nxg3 g6 19. Rfe1 a5 20. Re7 d4 21.
Bc4 Bd5 22. Bxd5 Nxd5 23. Ra7 Ra8 24. Rxa8 Rxa8 25. Re1 a4 26. Re5 Nc3 27. Rxc5 a3 28. b4 Nxa2 29. b5 Nb4 30. b6 Rb8 31. Ra5 a2 32.
Ne2 Rxb6 33. Nxd4 Ra6 34. Rxa6 Nxa6 35. Nb3 Nb4 36. Na1 Kg7 37. Kf1 Kf6 38. Ke2 Ke5 39. Kd2 Kd5 40. Kc3 Kc5 41. Kb3 Nd5 42. Kxa2 Nf4 43. Kb2 Nxg2 44. Kc3 Nf4 45. Nb3+ Kd5 46. h4 h5 47. Kb4 Ng2 48. c4+ Kc6 49. Nd4+ Kd7 50.
Nf3 Nf4 51. Kb5 Nd3 52. Kb6 Kd6 53. Ng5 f6 54. Ne4+ Ke5 55. f3 f5 56. Nc5 Nb2 57. Nd7+ Ke6 58. Nf8+ Kf7 59. c5 Na4+ 60. Kb5 Nxc5 61.
Nxg6 Nd3 62. Kc4 Nb2+ 63. Kb3 Kxg6 64. Kxb2 Kf6 65. f4 Ke6 66. Kc3 Kd6 67. Kd4 Ke6 68.
Kc5 Ke7 69. Kd5 Kf6 70. Kd6 1-0

[Event "Early-Titled-Tuesday-Blitz-February-27-2024"]
[Site "Chess.com"]
[Date "2024.02.27"]
[Round "5"]
[White "pr1105"]
[Black "jraosam"]
[Result "1-0"]
[WhiteElo "2334"]
[BlackElo "1938"]
[TimeControl "180+1"]
[EndTime "8:55:23 PST"]
[Termination "pr1105 won by checkmate"]

1. e4 c5 2. Nf3 e6 3. d4 cxd4 4. Nxd4 a6 5. c4 Qc7 6. Nc3 Nc6 7. a3 Nf6 8. Be3 d6 9. Be2 Be7 10. Rc1 O-O 11. f3 Bd7 12. Kd2 Ne5 13. Kc2 Nxc4 14.
Bxc4 Qxc4 15. Kb1 Rac8 16. Nd5 Nxd5 17. Rxc4 Nxe3 18. Rxc8 Nxd1 19. Rxf8+ Kxf8 20. Rxd1 Ke8 21. Rc1 Kd8 22. Ne2 Bb5 23. Nc3 Bc6 24. Rd1 Kc7 25. b4 Bf6 26. Kc2 Be5 27. Kb3 h6 28. h3 Bd7 29.
Rc1 Kd8 30. a4 b6 31. a5 b5 32. Ne2 g5 33. g3 Bg7 34. f4 f5 35. exf5 exf5 36. Kc2 Be6 37. Kd2 Kd7 38. h4 gxh4 39. gxh4 Bf6 40. h5 Bf7 41. Ng3 Be6 42. Rg1 Bd4 43.
Re1 Bf6 44. Ne2 Bf7 45. Rg1 Bxh5 46. Rh1 Bxe2 47. Rxh6 Bd4 48. Kxe2 Bc3 49. Rh7+ Kc8 50. Ra7 Bxb4 51. Rxa6 Kb7 52. Rb6+ Kc7 53. Rxb5 Ba3 54. Rxf5 Kd7 55. Kd3 Ke6 56. Rb5 Kd7 57. f5 Kc6 58. Kc4 Bc1 59. f6 Bh6 60. f7 Bf8 61. a6 d5+ 62.
Rxd5 Kb6 63. Rd8 Bh6 64. f8=Q Bxf8 65. Rxf8 Kxa6 66. Rb8 Ka7 67. Rb5 Ka6 68. Kc5 Ka7 69.
Rb6 Ka8 70. Kc6 Ka7 71. Kc7 Ka8 72. Ra6# 1-0

[Event "Early-Titled-Tuesday-Blitz-February-27-2024"]
[Site "Chess.com"]
[Date "2024.02.27"]
[Round "5"]
[White "Supergiuly"]
[Black "PolandHussars"]
[Result "1-0"]
[WhiteElo "2334"]
[BlackElo "2556"]
[TimeControl "180+1"]
[EndTime "8:55:23 PST"]
[Termination "Supergiuly won on time"]

1. g3 d5 2. Bg2 Nf6 3. d4 c6 4.
Nf3 Bf5 5. O-O Nbd7 6. Bf4 Qb6 7.
b3 e6 8. Nbd2 a5 9. c4 Bb4 10.
a3 Be7 11. Nh4 Bg6 12. Nxg6 hxg6 13. Qc2 Qxd4 14. Rad1 Qb6 15. Nf3 O-O 16. h4 Bxa3 17. Ne5 Nxe5 18. Bxe5 Be7 19. Bf3 Nd7 20. Bb2 Bf6 21.
Bc1 Ne5 22. Bg2 a4 23. bxa4 Nxc4 24. h5 gxh5 25. Bf3 g6 26. Kg2 Ne5 27. g4 hxg4 28. Rh1 gxf3+ 29. exf3 Bg7 30. Bh6 f6 31. Bxg7 Kxg7 32. Rb1 Qa7 33. f4 Ng4 34. Kg3 Rh8 35. Kxg4 Rxh1 36. Rxh1 Qxa4 37. Qc5 Qa3 38. Qb6 Qe7 39.
Kg3 c5 40. Re1 Re8 41. Kg2 c4 42. Qe3 Qd7 43. Rh1 Rh8 44. Rb1 Qc6 45. Qa7 d4+ 46. f3 c3 47. Rxb7+ Kh6 48. Rb1 Qd5 49. Rh1+ Qh5 50. Rxh5+ gxh5 51. Qxd4 Rg8+ 52. Kf2 c2 53. Qxf6+ Rg6 54. Qf8+ Kh7 55. Qc8 h4 56. Qxc2 h3 57. Qc1 Rg2+ 58. Ke3 Kg6 59. Qh1 Ra2 60. Qxh3 Ra3+ 61.
Ke4 Ra6 62. Ke5 Kf7 63. Qh5+ Ke7 64. Qh7+ Kd8 65. Kf6 e5+ 66. Kxe5 Ra5+ 67. Ke4 Ra7 68. Qxa7 1-0